[Event "XXX Roquetas de Mar Open 2019"]
[Site "Roquetas de Mar"]
[Date "2019.01.06"]
[Round "7"]
[White "Gascon Del Nogal, Jose Rafael"]
[Black "Sabuk, Piotr"]
[Result "0-1"]
[ECO "E10"]
[WhiteElo "2486"]
[BlackElo "2395"]
[Annotator "ChessBase"]
[PlyCount "58"]
[EventDate "2019.01.02"]
[EventType "swiss"]
[EventCountry "ESP"]
[SourceTitle "playchess.com"]
[Source "ChessBase"]
[SourceQuality "1"]
[TimeControl "5400+30"]

1. d4 Nf6 2. c4 e6 3. Nf3 d5 4. e3 c5 5. Nc3 cxd4 6. exd4 Bb4 7. cxd5 Nxd5 8. Qc2 Qc7 9. Bd2 Be7 10. a3 Nxc3 11. Bxc3 Nd7 12. Bd3 Nf6 13. O-O O-O 14. Rfe1 g6 15. Ne5 Nd5 16. g3 b6 17. h4 Bb7 18. h5 Bf6 19. Ng4 Bg7 20. h6 Bh8 21. Ne5 Rac8 22. Rac1 Bf6 23. Qd2 Qd8 24. Ng4 Bg5 25. f4 Bxf4 26. gxf4 Qh4 27. Nh2 Qg3+ 28. Kf1 Nxf4 29. Re3 Bg2+ 0-1

[Event "XXX Roquetas de Mar Open 2019"]
[Site "Roquetas de Mar"]
[Date "2019.01.06"]
[Round "7"]
[White "Pap, Misa"]
[Black "Dardha, Daniel"]
[Result "1-0"]
[ECO "B22"]
[WhiteElo "2481"]
[BlackElo "2337"]
[Annotator "ChessBase"]
[PlyCount "106"]
[EventDate "2019.01.02"]
[EventType "swiss"]
[EventCountry "ESP"]
[SourceTitle "playchess.com"]
[Source "ChessBase"]
[SourceQuality "1"]
[TimeControl "5400+30"]

1. e4 c5 2. c3 Nf6 3. e5 Nd5 4. Nf3 e6 5. d4 cxd4 6. cxd4 b6 7. Bd3 Ba6 8. Nc3 Nxc3 9. bxc3 Bxd3 10. Qxd3 Nc6 11. Ng5 h6 12. Ne4 d5 13. exd6 f5 14. d5 exd5 15. Qxd5 Qd7 16. Ng3 Bxd6 17. Nxf5 Be5 18. Qxd7+ Kxd7 19. Bd2 Ke6 20. Ng3 Rhd8 21. Ke2 Na5 22. Rhd1 Nc4 23. Be1 b5 24. Rab1 a6 25. Ne4 Rxd1 26. Rxd1 Rc8 27. Rb1 Kf5 28. f3 Bxh2 29. Bf2 Be5 30. Rd1 Rc7 31. Rd8 Kg6 32. Rd5 Re7 33. Kd3 Rc7 34. Nc5 Rc6 35. Bd4 Bf6 36. Nd7 Kf7 37. Nxf6 gxf6 38. f4 Ke6 39. Rh5 Nb2+ 40. Kc2 Nc4 41. g4 Kf7 42. Rxh6 Re6 43. f5 Re2+ 44. Kd3 Rxa2 45. Rxf6+ Ke7 46. g5 Rd2+ 47. Ke4 b4 48. Bc5+ Kd7 49. cxb4 Rg2 50. g6 Rg4+ 51. Kd5 Nd2 52. Rxa6 Ne4 53. Ra7+ Kd8 {[%emt 0:00:07] Kxe4} 1-0

[Event "XXX Roquetas de Mar Open 2019"]
[Site "Roquetas de Mar"]
[Date "2019.01.06"]
[Round "7"]
[White "Nguyen, Piotr"]
[Black "Nasuta, Grzegorz"]
[Result "1-0"]
[ECO "A05"]
[WhiteElo "2403"]
[BlackElo "2534"]
[Annotator "ChessBase"]
[PlyCount "53"]
[EventDate "2019.01.02"]
[EventType "swiss"]
[EventCountry "ESP"]
[SourceTitle "playchess.com"]
[Source "ChessBase"]
[SourceQuality "1"]
[TimeControl "5400+30"]

1. Nf3 Nf6 2. b3 c5 3. Bb2 Nc6 4. c4 e6 5. e3 Be7 6. g3 O-O 7. Bg2 d5 8. O-O b6 9. Nc3 Bb7 10. cxd5 Nxd5 11. Nxd5 Qxd5 12. d4 Rad8 13. Ne5 Qd6 14. dxc5 Qxc5 15. Nd7 Qg5 16. h4 Qh6 17. Rc1 Na5 18. Nxf8 Bxg2 19. Kxg2 Rxd1 20. Rfxd1 Bxf8 21. Rc8 Qh5 22. Ba3 h6 23. Rxf8+ Kh7 24. Rd7 f6 25. Rxf6 Qe5 26. Rff7 Qe4+ 27. Kh2 1-0

[Event "XXX Roquetas de Mar Open 2019"]
[Site "Roquetas de Mar"]
[Date "2019.01.06"]
[Round "7"]
[White "Bernabeu Lopez, Carlos Javier"]
[Black "Franco Ocampos, Zenon"]
[Result "0-1"]
[ECO "B44"]
[WhiteElo "2344"]
[BlackElo "2477"]
[Annotator "RC"]
[PlyCount "68"]
[EventDate "2019.01.02"]
[EventType "swiss"]
[EventCountry "ESP"]
[SourceTitle "playchess.com"]
[Source "ChessBase"]
[SourceQuality "1"]
[TimeControl "5400+30"]

1. e4 c5 2. Nf3 Nc6 3. d4 cxd4 4. Nxd4 e6 5. Nxc6 bxc6 6. Bd3 Bc5 7. O-O Ne7 8. Nc3 O-O 9. Qh5 f5 10. exf5 Nxf5 11. Ne4 g6 12. Qg4 Be7 13. Ng3 Kh8 14. Re1 d6 15. Nxf5 gxf5 16. Qh5 Rb8 17. b3 Bf6 18. Rb1 e5 19. Bh6 Bg7 20. Bg5 Qe8 21. Qh4 Rb7 22. Ba6 Rbf7 23. Bxc8 Qxc8 24. Be7 Bf6 25. Bxf6+ Rxf6 26. Rbd1 Qc7 27. Qc4 Rg6 28. Rd3 d5 29. Rxd5 Qg7 30. Rdxe5 Rxg2+ 31. Kh1 Rg8 32. Qf1 Qg4 33. R5e3 f4 34. Rg3 Rxh2+ 0-1

[Event "XXX Roquetas de Mar Open 2019"]
[Site "Roquetas de Mar"]
[Date "2019.01.06"]
[Round "7"]
[White "Oglaza, Oskar"]
[Black "Kantor, Gergely"]
[Result "1/2-1/2"]
[ECO "C45"]
[WhiteElo "2320"]
[BlackElo "2514"]
[Annotator "ChessBase"]
[PlyCount "60"]
[EventDate "2019.01.02"]
[EventType "swiss"]
[EventCountry "ESP"]
[SourceTitle "playchess.com"]
[Source "ChessBase"]
[SourceQuality "1"]
[TimeControl "5400+30"]

1. e4 e5 2. Nf3 Nc6 3. d4 exd4 4. Nxd4 Nf6 5. Nxc6 bxc6 6. e5 Qe7 7. Qe2 Nd5 8. c4 Ba6 9. Nd2 g6 10. Nf3 Bg7 11. Bg5 Qb4+ 12. Qd2 Qxd2+ 13. Bxd2 Nb6 14. b3 d6 15. O-O-O d5 16. cxd5 Bxf1 17. Rhxf1 cxd5 18. Be3 c6 19. Kb1 Rb8 20. Rc1 Kd7 21. Bd4 Rhg8 22. Rfe1 Rbc8 23. Ng5 Bh6 24. Nxf7 Bxc1 25. e6+ Ke7 26. Bc5+ Kf6 27. Bd4+ Ke7 28. Bc5+ Kf6 29. Bd4+ Ke7 30. Bc5+ Kf6 1/2-1/2

[Event "XXX Roquetas de Mar Open 2019"]
[Site "Roquetas de Mar"]
[Date "2019.01.06"]
[Round "7"]
[White "Marechal, Andy"]
[Black "Morozov, Nichita"]
[Result "1/2-1/2"]
[ECO "C70"]
[WhiteElo "2318"]
[BlackElo "2437"]
[Annotator "NA RC"]
[PlyCount "68"]
[EventDate "2019.01.02"]
[EventType "swiss"]
[EventCountry "ESP"]
[SourceTitle "playchess.com"]
[Source "ChessBase"]
[SourceQuality "1"]
[TimeControl "5400+30"]

1. e4 e5 2. Nf3 Nc6 3. Bb5 a6 4. Ba4 Nge7 5. c3 g6 6. d4 exd4 7. Nxd4 Bg7 8. O-O O-O 9. Bg5 h6 10. Nxc6 bxc6 11. Be3 d6 12. Bd4 c5 13. Bxg7 Kxg7 14. Nd2 Rb8 15. b3 g5 16. Nc4 Be6 17. Ne3 Ng6 18. Qe2 Qf6 19. Rac1 Nf4 20. Qd2 h5 21. f3 Ng6 22. Nd5 Bxd5 23. exd5 Qf4 24. Qe2 Qe5 25. Qxe5+ dxe5 26. Rcd1 Rfd8 27. Rfe1 Kf6 28. Re4 Nf4 29. Rc4 Nxd5 30. Rxc5 Nf4 31. Rc6+ Ne6 32. b4 Rxd1+ 33. Bxd1 Rb6 34. Rxb6 cxb6 1/2-1/2

[Event "XXX Roquetas de Mar Open 2019"]
[Site "Roquetas de Mar"]
[Date "2019.01.06"]
[Round "7"]
[White "Bobadilla Viera, Jorge Samuel"]
[Black "Espinosa Aranda, Angel"]
[Result "0-1"]
[ECO "B56"]
[WhiteElo "2274"]
[BlackElo "2478"]
[Annotator "ChessBase"]
[PlyCount "92"]
[EventDate "2019.01.02"]
[EventType "swiss"]
[EventCountry "ESP"]
[SourceTitle "playchess.com"]
[Source "ChessBase"]
[SourceQuality "1"]
[TimeControl "5400+30"]

1. e4 c5 2. Nf3 d6 3. d4 cxd4 4. Nxd4 Nf6 5. Nc3 Bd7 6. Bg5 e6 7. Qd2 a6 8. Be2 Be7 9. O-O Nc6 10. a4 O-O 11. Nb3 Nb4 12. Rfd1 Bc6 13. Bxf6 Bxf6 14. Nb1 a5 15. c3 Na6 16. Qe3 Qc7 17. N1d2 d5 18. exd5 Bxd5 19. Bf3 Rfe8 20. Re1 Rad8 21. Bxd5 Rxd5 22. Ne4 Be7 23. Nd4 Nc5 24. Nb5 Qd8 25. Qe2 Nd3 26. c4 Rd7 27. Rf1 f5 28. Nec3 Bc5 29. Rad1 e5 30. Nd5 e4 31. Rxd3 exd3 32. Qxd3 Rf7 33. g3 Qg5 34. Nbc3 h5 35. Nf4 h4 36. Kg2 b6 37. Rd1 Qf6 38. Qf3 g5 39. Nfd5 h3+ 40. Kf1 Qg6 41. Rd2 Re5 42. Re2 Rxe2 43. Qxe2 f4 44. gxf4 gxf4 45. Qf3 Rg7 46. Qxf4 Qd3+ 0-1